[Event "Team 45 45 League T35"]
[Site "Internet Chess Club"]
[Date "2007.11.22"]
[Round "6"]
[White "crazynights"]
[Black "budugu"]
[Result "1-0"]
[WhiteElo "1652"]
[BlackElo "1584"]
[Opening "Ruy Lopez: closed, Pilnik variation"]
[ECO "C88"]
[Time "13:01:03"]
[TimeControl "2700+45"]

1. e4 e5 2. Nf3 Nc6 3. Bb5 a6 4. Ba4 Nf6 5. O-O b5 6. Bb3 Be7 7. Re1 O-O 8. d3
d6 9. c3 Bb7 10. Nbd2 h6 11. Nf1 Nh7 12. Ng3 Ng5 13. a4 Nb8 14. axb5 axb5 15.
Rxa8 Bxa8 16. Nf5 Bf6 17. h3 Kh7 18. Bc2 Nd7 19. d4 Rg8 20. Qd3 Nxf3+ 21. Qxf3
Bg5 22. Be3 Bxe3 23. Nxe3 Qf6 24. Qg4 Qe6 25. Qg3 Qg6 26. Qf3 Qf6 27. Qf5+ Qxf5
28. Nxf5 g6 29. Ng3 Kg7 30. Ra1 Nf6 31. Ra7 c6 32. b4 exd4 33. cxd4 Rb8 34. f3
Kf8 35. Kf2 Bb7 36. Bb3 d5 37. e5 Ng8 38. Ne2 Ke7 39. Nc1 f6 40. Nd3 Kd8 41. Nc5
Kc7 42. f4 f5 43. g4 Ne7 44. Ke3 Nc8 45. Ra2 Ra8 46. Rxa8 Bxa8 47. gxf5 gxf5 48.
Bc2 Ne7 49. Ne6+ Kd7 50. Ng7 Bb7 51. Bxf5+ Kd8 52. Be6 Bc8 53. Bxc8 Kxc8 54. f5
Kd7 55. f6 Ng6 56. Nf5 h5 57. Ng7 h4 58. Nf5 Ke6 59. Nd6 Nh8 60. Kf4 c5 61. dxc5
Ng6+ 62. Kg5 Nxe5 63. Nxb5 Nc6 64. f7 Kxf7 65. Kxh4 Kg6 66. Kg4 d4 67. Kf4 d3
68. Ke3 Nxb4 69. Nd4 Nd5+ 70. Kxd3 Kh5 71. Nf3 Kg6 72. Kd4 Nc7 73. Ke5 Kf7 74.
Kd6 Ne8+ 75. Kd7 Nf6+ 76. Kd8 Ke6 77. c6 Nd5 78. c7 Nxc7 79. Kxc7 Kf5 80. Kd6
Kf4 81. Ng1 Kg3 82. Ke5 Kh4 83. Kf4 Kh5 84. Nf3 Kg6 85. Kg4 Kh6 86. Ne5 Kg7 87.
Kg5 Kh7 88. Ng6 Kg7 89. Ne5 Kh7 90. Ng4 Kg7 91. h4 Kh7 92. Kf6 Kg8 93. Kg6 Kh8
94. Ne5 Kg8 95. Nf7 Kf8 96. h5 {Black resigns} 1-0

[Event "Team 45 45 League T35"]
[Site "Internet Chess Club"]
[Date "2007.11.23"]
[Round "6"]
[White "civilization"]
[Black "Invicta-Knight"]
[Result "1-0"]
[WhiteElo "1519"]
[BlackElo "1536"]
[Opening "Scandinavian: Pytel-Wade variation"]
[ECO "B01"]
[Time "16:07:50"]
[TimeControl "2700+45"]

1. e4 d5 2. exd5 Qxd5 3. Nc3 Qd6 4. d4 g6 5. Nge2 Nh6 6. Bf4 Qc6 7. d5 Qb6 8.
Qd4 Qxd4 9. Nxd4 Bg7 10. Ndb5 Na6 11. Bxc7 O-O 12. Bf4 Bf5 13. Bxh6 Bxh6 14. Nd4
Nb4 15. Nxf5 gxf5 16. Bd3 Nxd3+ 17. cxd3 Rfd8 18. O-O Bg7 19. Rfe1 Kf8 20. Re3
Rac8 21. Rae1 Bxc3 22. bxc3 Rxc3 23. h3 Rxd5 24. Rxe7 Rc1 25. Re8+ Kg7 {Black
resigns} 1-0

[Event "Team 45 45 League T35"]
[Site "Internet Chess Club"]
[Date "2007.11.25"]
[Round "6"]
[White "Relapse"]
[Black "Vynaris"]
[Result "0-1"]
[WhiteElo "1600"]
[BlackElo "1518"]
[Opening "Sicilian: Alapin's variation (2.c3)"]
[ECO "B22"]
[Time "09:59:57"]
[TimeControl "2700+45"]

1. e4 c5 2. c3 d5 3. exd5 Qxd5 4. d4 Nf6 5. Nf3 Bg4 6. Be2 e6 7. h3 Bh5 8. c4
Qd8 9. Nc3 cxd4 10. Nxd4 Bxe2 11. Qa4+ Nbd7 12. Ndxe2 Bc5 13. b4 Bd6 14. Bf4
Bxf4 15. Nxf4 Qc7 16. Nfe2 Qxc4 17. Rc1 O-O 18. Nb5 Qe4 19. f3 Qe5 20. Nc3 a5
21. a3 axb4 22. Qxb4 Nc5 23. Rd1 Qe3 24. Qd4 Qxd4 25. Rxd4 Rxa3 26. O-O Rb8 27.
Rb1 h6 28. Rdb4 Nd5 29. Nxd5 exd5 30. Rb5 Rc8 31. Rc1 b6 32. Rxb6 Re8 33. Nf4
Nd3 34. Nxd3 Rxd3 35. Rd6 Re2 36. Kh2 Rdd2 37. Rg1 d4 38. Kg3 Kf8 39. Kf4 Ke7
40. Rd5 Ke6 41. Rd8 g5+ 42. Kg3 Ke7 43. Rh8 d3 44. Rxh6 Rc2 45. Ra6 f5 46. Raa1
Kf6 47. Rae1 f4+ 48. Kh2 Ke5 49. Rxe2+ Rxe2 50. Rd1 d2 51. h4 gxh4 52. Kh3 Kd4
53. Kxh4 Rxg2 54. Ra1 Ke3 55. Ra3+ Ke2 56. Ra2 Ke1 57. Ra1+ d1=Q 58. Rxd1+ Kxd1
59. Kh3 Rg3+ {White resigns} 0-1

[Event "Team 45 45 League T35"]
[Site "Internet Chess Club"]
[Date "2007.11.24"]
[Round "6"]
[White "vaknight"]
[Black "houseofcook"]
[Result "1/2-1/2"]
[WhiteElo "1523"]
[BlackElo "1381"]
[Opening "French: Tarrasch, closed variation"]
[ECO "C05"]
[Time "09:02:38"]
[TimeControl "2700+45"]

1. e4 e6 2. d4 d5 3. Nd2 Nf6 4. Bd3 c5 5. e5 Nfd7 6. c3 Nc6 7. Ngf3 Qb6 8. Qe2
cxd4 9. cxd4 Nxd4 10. Nxd4 Qxd4 11. Nf3 Bb4+ 12. Kf1 Qb6 13. a3 Bc5 14. b4 Bd4
15. Nxd4 Qxd4 16. Bb2 Qb6 17. Qg4 g6 18. Rc1 O-O 19. Ke2 Qd8 20. Bd4 b6 21. Rc3
Bb7 22. h4 Re8 23. h5 Nf8 24. hxg6 fxg6 25. f4 Rc8 26. Rhc1 Qd7 27. Qf3 Rxc3 28.
Rxc3 Rc8 29. Rxc8 Qxc8 30. g4 Ba6 31. b5 Bxb5 32. Bxb5 Qc2+ 33. Ke3 Qc1+ 34. Ke2
Qc2+ 35. Ke3 Qc1+ 36. Ke2 {Game drawn by mutual agreement} 1/2-1/2

[Event "Team 45 45 League T35"]
[Site "Internet Chess Club"]
[Date "2007.11.23"]
[Round "6"]
[White "crag"]
[Black "nursey"]
[Result "0-1"]
[WhiteElo "1456"]
[BlackElo "1715"]
[Opening "Scotch: Schmidt variation"]
[ECO "C45"]
[Time "18:01:46"]
[TimeControl "2700+45"]

1. e4 e5 2. Nf3 Nc6 3. d4 exd4 4. Nxd4 Nf6 5. Nc3 Bb4 6. Bd3 Nxd4 7. O-O O-O 8.
e5 Ne8 9. Qg4 Bxc3 10. bxc3 Ne6 11. f4 d6 12. Qg3 dxe5 13. fxe5 Qe7 14. a4 Qc5+
15. Kh1 Qa5 16. Bf5 Nc5 17. Bh6 Bxf5 18. Rxf5 Ne4 19. Qg4 Qxc3 20. Rc1 Qd4 21.
Rf4 Nf2+ {White resigns} 0-1

[Event "Team 45 45 League T35"]
[Site "Internet Chess Club"]
[Date "2007.11.24"]
[Round "6"]
[White "rayonline53"]
[Black "t-hobbes"]
[Result "0-1"]
[WhiteElo "1552"]
[BlackElo "1309"]
[Opening "Vienna gambit"]
[ECO "C29"]
[Time "12:06:43"]
[TimeControl "2700+45"]

1. e4 e5 2. Nc3 Nf6 3. f4 d6 4. Nf3 Nc6 5. Bc4 Be7 6. d3 Bg4 7. h3 Bd7 8. Be3
O-O 9. Qd2 a6 10. a3 Nh5 11. f5 Nd4 12. O-O-O Kh8 13. Nd5 Nxf3 14. gxf3 Bh4 15.
Rhg1 c6 16. Nc3 d5 17. exd5 cxd5 18. Nxd5 Bxf5 19. Bg5 Bxg5 20. Rxg5 g6 21. Rdg1
b5 22. Bb3 Rc8 23. Rxh5 gxh5 24. Qh6 Bg6 25. f4 exf4 26. Nxf4 Qb6 27. Rg2 Qf6
28. Kb1 Rce8 29. Nxh5 Qf1+ 30. Ka2 Rg8 31. Nf4 Re1 32. Bxf7 Bxf7+ 33. c4 Ra1+
34. Kb3 bxc4+ 35. dxc4 Qxc4# {White checkmated} 0-1

[Event "Team 45 45 League T35"]
[Site "Internet Chess Club"]
[Date "2007.11.22"]
[Round "6"]
[White "Rubacchus"]
[Black "taijifan"]
[Result "0-1"]
[WhiteElo "1325"]
[BlackElo "1340"]
[Opening "QGD Slav: 3.Nf3"]
[ECO "D11"]
[Time "17:59:32"]
[TimeControl "2700+45"]

1. d4 d5 2. c4 c6 3. Nf3 Nf6 4. c5 b6 5. e3 bxc5 6. dxc5 Nbd7 7. b4 e5 8. Bb2
Qc7 9. Qc2 a5 10. Bc3 axb4 11. Bxb4 Ne4 12. Nbd2 Nexc5 13. Ng5 g6 14. h4 h6 15.
Nxf7 Kxf7 16. h5 e4 17. Bc3 Rg8 18. hxg6+ Rxg6 19. Rh4 Bg7 20. Rf4+ Bf6 21. Be2
Rxg2 22. Bh5+ Kg7 23. Bxf6+ Nxf6 24. Qc3 Nd3+ 25. Kd1 Nxf4 26. exf4 Qxf4 27.
Qxc6 Rg1+ 28. Ke2 Bg4+ 29. Bxg4 Qxg4+ 30. Nf3 Qxf3+ 31. Kd2 Qd3# {White
checkmated} 0-1

[Event "Team 45 45 League T35"]
[Site "Internet Chess Club"]
[Date "2007.11.23"]
[Round "6"]
[White "Mutaant"]
[Black "ADIOKiddo4Ever"]
[Result "0-1"]
[WhiteElo "1451"]
[BlackElo "1477"]
[Opening "Alekhine's defense: Scandinavian variation"]
[ECO "B01"]
[Time "22:28:57"]
[TimeControl "2700+45"]

1. e4 d5 2. Nc3 Nf6 3. exd5 Nxd5 4. Nxd5 Qxd5 5. Qf3 c6 6. b3 Qe5+ 7. Ne2 Qxa1
8. a4 Qe5 9. d4 Qd5 10. c4 Qxf3 11. gxf3 Bf5 12. Ng3 Bc2 {White resigns} 0-1

[Event "Team 45 45 League T35"]
[Site "Internet Chess Club"]
[Date "2007.11.25"]
[Round "6"]
[White "moreffee"]
[Black "reverendjim"]
[Result "1/2-1/2"]
[WhiteElo "1349"]
[BlackElo "1222"]
[Opening "Tennison (Lemberg, Zukertort) gambit"]
[ECO "A06"]
[Time "17:01:53"]
[TimeControl "2700+45"]

1. Nf3 d5 2. e4 dxe4 3. Ng5 Nf6 4. Nc3 Bf5 5. Bc4 e6 6. f3 exf3 7. Qxf3 h6 8.
Nxf7 Kxf7 9. Qxf5 Qd7 10. O-O Be7 11. Ne4 Qd4+ 12. Kh1 Qxc4 13. Qf4 Qd5 14. Nc3
Qf5 15. Qc4 Qc5 16. Qe2 Rf8 17. d3 Qc6 18. Qh5+ Kg8 19. Qg6 Kh8 20. Bxh6 gxh6
21. Qxh6+ Kg8 22. Qg6+ Kh8 23. Qh6+ Kg8 24. Qg6+ Kh8 {Game drawn by mutual
agreement} 1/2-1/2

[Event "Team 45 45 League T35"]
[Site "Internet Chess Club"]
[Date "2007.11.24"]
[Round "6"]
[White "cobbler"]
[Black "NineteenHockey"]
[Result "1-0"]
[WhiteElo "1265"]
[BlackElo "1029"]
[Opening "Réti opening"]
[ECO "A04"]
[Time "18:57:42"]
[TimeControl "2700+45"]

1. Nf3 Nc6 2. g3 e5 3. d3 Nf6 4. Bg2 Bc5 5. O-O O-O 6. e4 Re8 7. Nc3 b6 8. Nd5
h6 9. Bd2 Bb7 10. a3 Nxd5 11. exd5 Nd4 12. c4 Nxf3+ 13. Bxf3 c6 14. Bg2 cxd5 15.
cxd5 Rb8 16. Qg4 Qf6 17. Be3 Red8 18. b4 Bd4 19. Rac1 Bb2 20. Rc4 Bxa3 21. f4
Rbc8 22. fxe5 Qxe5 23. Bxh6 Bb2 24. Re4 Qc3 25. d4 g6 26. Qg5 Bxd5 27. Qf6 Qc6
28. Qg7# {Black checkmated} 1-0

[Event "Team 45 45 League T35"]
[Site "Internet Chess Club"]
[Date "2007.11.24"]
[Round "6"]
[White "fuzzface"]
[Black "Traho"]
[Result "1/2-1/2"]
[WhiteElo "1296"]
[BlackElo "1320"]
[Opening "Queen's pawn game"]
[ECO "A45"]
[Time "09:01:32"]
[TimeControl "2700+45"]

1. d4 Nf6 2. g3 d5 3. Bg2 c6 4. Bg5 Bf5 5. Nd2 Nbd7 6. e3 h6 7. Bxf6 Nxf6 8. Ne2
e6 9. c3 Bd6 10. O-O O-O 11. Qb3 Rb8 12. c4 Qb6 13. c5 Qxb3 14. axb3 Bc7 15.
Rxa7 Bd3 16. Bf3 Ba6 17. Ra1 Ra8 18. Rxa8 Rxa8 19. b4 b5 20. e4 Nd7 21. exd5
exd5 22. Bg4 Nf6 23. Bf3 Kf8 24. Ra3 Bb7 25. Rxa8+ Bxa8 26. Nc1 Bb7 27. Ncb3 Bc8
28. Na5 Bd7 29. Nb7 Ne8 30. Kg2 Bc8 31. Na5 Bd7 32. Ndb3 Nf6 33. Nb7 Ng8 34. h3
Ne7 35. Nd6 Bxd6 36. cxd6 Nc8 37. Nc5 Ke8 38. Nb7 Bf5 39. Bg4 Bxg4 40. hxg4 Kd7
41. Kf3 Nxd6 42. Nxd6 Kxd6 43. Kf4 Ke6 44. Ke3 g5 45. f4 f5 46. Kf3 Kf6 47. gxf5
Kxf5 48. g4+ Kf6 49. f5 Kf7 50. Kg3 Kg7 51. Kf3 Kh7 52. Kg3 {Game drawn by
mutual agreement} 1/2-1/2

[Event "Team 45 45 League T35"]
[Site "Internet Chess Club"]
[Date "2007.11.26"]
[Round "6"]
[White "Conjurer"]
[Black "klt713"]
[Result "1-0"]
[WhiteElo "1395"]
[BlackElo "1220"]
[Opening "English: Bremen, reverse dragon"]
[ECO "A22"]
[Time "22:11:49"]
[TimeControl "2700+45"]

1. c4 e5 2. Nc3 Nf6 3. g3 d5 4. cxd5 Nxd5 5. Bg2 Be6 6. Nf3 Nc6 7. O-O Be7 8. a3
a6 9. b4 Qd7 10. Ne4 h6 11. Bb2 f6 12. Nc5 Bxc5 13. bxc5 O-O-O 14. e3 Bf7 15. d4
Rhe8 16. Qd3 e4 17. Qe2 exf3 18. Bxf3 Be6 19. Bh5 Re7 20. e4 Bh3 21. Rfe1 g6 22.
Bf3 Rde8 23. Qd2 Bg4 24. Bxg4 Qxg4 25. exd5 Rxe1+ 26. Rxe1 Rxe1+ 27. Qxe1 Nd8
28. Bc1 g5 29. f4 Qd7 30. Qe4 f5 31. Qe5 Kb8 32. fxg5 hxg5 33. Bxg5 Ka7 34. Bxd8
Qxd8 35. Qxf5 Qh8 36. Qe5 Qh7 37. Kg2 Qc2+ 38. Kh3 Qh7+ 39. Kg2 Qd7 40. Qe6 Qa4
41. Qe3 Qc4 42. d6 cxd6 43. cxd6 Qd5+ 44. Kf2 Qxd6 45. d5+ b6 46. Qb3 Kb7 47. h4
Qc5+ 48. Kg2 Kc7 49. g4 Kd6 50. Kf3 Qxd5+ 51. Qxd5+ Kxd5 52. h5 Ke6 53. Ke4 Kf6
54. Kd5 a5 55. a4 Kg5 56. Kc6 {Black resigns} 1-0

[Event "Team 45 45 League T35"]
[Site "Internet Chess Club"]
[Date "2007.11.24"]
[Round "6"]
[White "jschneigi"]
[Black "guyd52"]
[Result "0-1"]
[WhiteElo "1252"]
[BlackElo "1236"]
[Opening "Pirc defense"]
[ECO "B07"]
[Time "07:30:48"]
[TimeControl "2700+45"]

1. e4 d6 2. d4 Nf6 3. Nc3 g6 4. h3 Bg7 5. Bg5 O-O 6. Nf3 Nbd7 7. Bc4 c6 8. Bxf6
Bxf6 9. Qe2 b5 10. Bb3 Bb7 11. O-O-O e5 12. d5 a6 13. dxc6 Bxc6 14. Rxd6 Qc7 15.
Rhd1 Be7 16. R6d3 Nb6 17. Nd5 Nxd5 18. Bxd5 Bxd5 19. exd5 Bd6 20. Ng5 f5 21. Ne6
Qc4 22. b3 Qb4 23. Nxf8 e4 24. R3d2 Rxf8 25. c3 Qxc3+ 26. Rc2 Qa1+ 27. Kd2 Bb4+
28. Ke3 Qe5 29. f4 Qe7 30. Rdc1 Qa7+ 31. Rc5 Bxc5+ 32. Rxc5 Qxc5+ 33. Kd2 Qxd5+
34. Ke3 Qc5+ 35. Kd2 Rd8+ 36. Ke1 Qc1+ 37. Kf2 Rd2 38. Qxd2 Qxd2+ {White
resigns} 0-1

[Event "Team 45 45 League T35"]
[Site "Internet Chess Club"]
[Date "2007.11.26"]
[Round "6"]
[White "wekabird"]
[Black "ffplayer"]
[Result "1-0"]
[WhiteElo "1221"]
[BlackElo "1179"]
[Opening "English: Mikenas-Carls variation"]
[ECO "A18"]
[Time "22:01:40"]
[TimeControl "2700+45"]

1. c4 e6 2. Nc3 Nf6 3. e4 Bb4 4. d3 O-O 5. a3 Bxc3+ 6. bxc3 d5 7. e5 Nfd7 8. Nf3
dxc4 9. dxc4 c5 10. Be2 Nc6 11. Bf4 Qc7 12. Qd6 Qd8 13. O-O Re8 14. Rfd1 Nf8 15.
Qxc5 Qe7 16. Qe3 Ng6 17. Bg3 Rd8 18. Bd3 Qc7 19. Bxg6 fxg6 20. Rxd8+ Qxd8 21. h3
Qe8 22. Rd1 Ne7 23. Rd6 Nf5 24. Qe4 Nxd6 25. exd6 Bd7 26. Ne5 Rb8 27. c5 Qc8 28.
Nxd7 Qxd7 29. Qc4 Rc8 30. Be5 b6 31. a4 Rxc5 32. Qe4 Rxc3 33. Bxc3 Qxd6 34. Be5
Qd7 35. f4 Qd5 36. Qc2 Qc5+ 37. Qxc5 bxc5 38. Kf2 Kf7 39. Ke3 Ke7 40. Kd3 Kd7
41. Kc4 Kc6 42. a5 a6 43. Bxg7 Kd6 44. Be5+ Kc6 45. g4 Kd7 46. Kxc5 h5 47. g5
Kc8 48. Kb6 Kd7 49. Kxa6 Kc6 50. Ka7 Kb5 51. a6 Ka5 52. Kb7 Kb5 53. a7 {Black
resigns} 1-0

[Event "Team 45 45 League T35"]
[Site "Internet Chess Club"]
[Date "2007.11.23"]
[Round "6"]
[White "DaveTheRook"]
[Black "Duguesclin"]
[Result "1-0"]
[WhiteElo "1650"]
[BlackElo "1633"]
[Opening "Queen's pawn game"]
[ECO "E00"]
[Time "17:14:39"]
[TimeControl "2700+45"]

1. d4 Nf6 2. c4 e6 3. a3 b6 4. Nc3 Bb7 5. Bg5 Be7 6. e3 O-O 7. Nf3 h6 8. Bh4 d6
9. Be2 Ne4 10. Bxe7 Qxe7 11. Qc2 Ng5 12. d5 Nd7 13. O-O-O exd5 14. Nxd5 Qe4 15.
Bd3 Qg4 16. Bf5 Qxg2 17. Nxg5 Ne5 18. Rdg1 Bxd5 19. Rxg2 Bxg2 20. Bh3 hxg5 21.
Bxg2 Rac8 22. Rg1 c6 23. Bh3 Rce8 24. Rxg5 g6 25. Rg3 d5 26. cxd5 cxd5 27. Kb1
Kg7 28. Qc3 f6 29. b3 Rf7 30. f4 Nd7 31. Qc6 Nc5 32. Qxe8 Nxb3 33. Be6 Nd2+ 34.
Ka2 {Black resigns} 1-0

[Event "Team 45 45 League T35"]
[Site "Internet Chess Club"]
[Date "2007.11.25"]
[Round "6"]
[White "RD1974"]
[Black "TIP"]
[Result "0-1"]
[WhiteElo "1609"]
[BlackElo "1609"]
[Opening "French: King's Indian attack"]
[ECO "C00"]
[Time "16:04:33"]
[TimeControl "2700+45"]

1. e4 e6 2. d3 d5 3. Nd2 Bd6 4. g3 dxe4 5. dxe4 Nf6 6. Bg2 Nc6 7. Ngf3 O-O 8.
O-O e5 9. Qe2 Bg4 10. Rd1 Nd4 11. Qd3 Bxf3 12. Nxf3 Bc5 13. Bg5 h6 14. Be3 Nxf3+
15. Bxf3 Bxe3 16. Qxe3 Qe7 17. Rd3 b6 18. Rad1 c5 19. Kg2 Qe6 20. b3 Nh7 21. Be2
Ng5 22. Rd6 Qh3+ 23. Kg1 f5 24. Bf1 Qg4 25. exf5 Qxf5 26. Bc4+ Kh8 27. Bd3 Qh3
28. Be4 Qg4 29. Bg2 e4 30. h3 Nxh3+ 31. Bxh3 Qxh3 32. Qxe4 Rae8 33. Qg2 Qf5 34.
f4 Qg4 35. R6d2 Re3 36. Rd3 Re2 37. Qb7 Rxc2 38. a4 Qe2 39. Qf3 Qh2+ 40. Kf1
Qh3+ 41. Ke1 Re8+ 42. Re3 Rxe3+ 43. Qxe3 Qh1+ {White resigns} 0-1

[Event "Team 45 45 League T35"]
[Site "Internet Chess Club"]
[Date "2007.11.25"]
[Round "6"]
[White "RingLord"]
[Black "clarinetref"]
[Result "1-0"]
[WhiteElo "1550"]
[BlackElo "1596"]
[Opening "Pirc: classical system, 5.Be2"]
[ECO "B08"]
[Time "20:04:50"]
[TimeControl "2700+45"]

1. e4 d6 2. d4 Nf6 3. Nc3 g6 4. Nf3 Bg7 5. Be2 O-O 6. O-O c6 7. a4 a6 8. h3 Nbd7
9. Be3 e5 10. Qd2 exd4 11. Nxd4 Re8 12. Bd3 Nc5 13. f3 Nh5 14. Nde2 Nxd3 15.
cxd3 Qe7 16. d4 Nf6 17. Bh6 Nh5 18. Bxg7 Nxg7 19. a5 f5 20. Ng3 fxe4 21. fxe4
Be6 22. Qh6 Bc4 23. Rf4 Ne6 24. Rg4 Qg7 25. Qxg7+ Kxg7 26. Nf5+ Kh8 27. Nxd6 Rf8
28. Nxc4 Nxd4 29. e5 Ne6 30. Rd1 Rad8 31. Nd6 Rd7 32. Nce4 Re7 33. Nf6 Nc5 34.
Rh4 Ne6 35. Nde4 g5 36. Rh6 Rg7 37. Rd6 Rxf6 38. Nxf6 Re7 39. Rxe6 {Black
resigns} 1-0

[Event "Team 45 45 League T35"]
[Site "Internet Chess Club"]
[Date "2007.11.27"]
[Round "6"]
[White "Aquaman"]
[Black "okun"]
[Result "0-1"]
[WhiteElo "1400"]
[BlackElo "1502"]
[Opening "Réti: King's Indian attack"]
[ECO "A05"]
[Time "20:07:33"]
[TimeControl "2700+45"]

1. Nf3 Nf6 2. g3 g6 3. Bg2 Bg7 4. d3 d5 5. O-O c5 6. Nbd2 O-O 7. Re1 Bg4 8. h3
Bf5 9. Kh2 Nc6 10. Nh4 Be6 11. e4 Qc7 12. Nhf3 h6 13. exd5 Bxd5 14. Nf1 Nh5 15.
Rb1 Bxa2 16. Ra1 Be6 17. c3 Rad8 18. Qc2 Bf5 19. Rd1 b6 20. Kg1 Qd7 21. Kh2 Bxd3
22. Qa4 Qc7 23. Ne1 Bb5 24. Rxd8 Bxa4 25. Rxf8+ Kxf8 26. Rxa4 a5 27. Ne3 Ne5 28.
Nd5 Qd7 29. Ra1 e6 30. Ne3 Nf6 31. Bf1 Ne4 32. Kg1 Nd2 33. Bg2 Nb3 34. Rb1 Nxc1
35. Rxc1 Qd2 36. Rd1 Qxb2 37. Rd8+ Ke7 38. Rd1 Qxc3 39. Kf1 a4 40. N3c2 a3 41.
Ra1 Nc4 42. Bc6 Kd6 43. Bb5 Nd2+ 44. Ke2 Qb2 45. Bd3 Nb1 46. Kf3 b5 47. Ne3 Qxa1
48. Bxb5 a2 49. N1c2 Qb2 50. Nc4+ Kc7 51. Nxb2 Bxb2 52. Bd3 a1=Q 53. Nxa1 Bxa1
54. Bxb1 c4 55. Ke3 c3 56. Kd3 Kd7 57. Kc2 Kd6 58. Ba2 Kc5 59. Bb3 Kb4 60. f4
Kc5 61. g4 Kd4 62. f5 gxf5 63. gxf5 exf5 64. Bxf7 f4 65. Bh5 Ke3 66. Be8 f3 67.
Bb5 Kf2 68. Bd3 Kg2 69. Kd1 f2 70. Kc2 f1=Q 71. Bxf1+ Kxf1 72. h4 h5 73. Kc1
Bb2+ 74. Kc2 Ke2 75. Kb3 Kd2 76. Ka2 c2 77. Kxb2 {White resigns} 0-1

[Event "Team 45 45 League T35"]
[Site "Internet Chess Club"]
[Date "2007.11.23"]
[Round "6"]
[White "Chess2Play"]
[Black "jazzyrick"]
[Result "1-0"]
[WhiteElo "1670"]
[BlackElo "1574"]
[Opening "Nimzo-Indian: 4.e3 c5"]
[ECO "E41"]
[Time "14:05:03"]
[TimeControl "2700+45"]

1. d4 Nf6 2. c4 e6 3. Nc3 Bb4 4. e3 c5 5. Bd3 d6 6. Nf3 e5 7. dxe5 Bxc3+ 8. bxc3
dxe5 9. Nxe5 O-O 10. O-O Re8 11. Nf3 Bg4 12. h3 Bd7 13. Qc2 h6 14. Rd1 Qc8 15.
Re1 Bc6 16. e4 Re6 17. e5 Bxf3 18. gxf3 Nh5 19. Bf5 Nc6 20. f4 g6 21. Bxe6 Qxe6
22. Qd3 Rd8 23. Qf3 Qxc4 24. f5 Rd3 25. Be3 Nxe5 26. Qxb7 Qh4 27. Qb8+ Rd8 28.
Qxe5 {Black resigns} 1-0

[Event "Team 45 45 League T35"]
[Site "Internet Chess Club"]
[Date "2007.11.22"]
[Round "6"]
[White "Ziah"]
[Black "rom1"]
[Result "1-0"]
[WhiteElo "1714"]
[BlackElo "1587"]
[Opening "Alekhine's defense: modern variation, 4...Bg4"]
[ECO "B05"]
[Time "06:19:03"]
[TimeControl "2700+45"]

1. e4 Nf6 2. e5 Nd5 3. d4 d6 4. Nf3 Bg4 5. Be2 e6 6. O-O Be7 7. c4 Nb6 8. h3 Bh5
9. Nc3 O-O 10. Be3 N8d7 11. b3 c5 12. exd6 Bxd6 13. dxc5 Nxc5 14. b4 Ncd7 15. c5
Bxf3 16. Bxf3 Be5 17. Bd4 Nd5 18. Nxd5 exd5 19. Bxd5 Rb8 20. Bxe5 Nxe5 21. Be4
Qf6 22. Qh5 g6 23. Qe2 Rfe8 24. Qc2 Nc6 25. Bxc6 Qxc6 26. Rfe1 Rbd8 27. Rad1 Qf6
28. Rxd8 Rxd8 29. Qa4 Rd2 30. Rf1 a6 31. a3 Qe6 32. Rd1 Qe2 33. Rxd2 Qxd2 34.
Qe8+ Kg7 35. Qe5+ Kg8 36. Qb8+ Kg7 37. Qxb7 Qc1+ 38. Kh2 Qf4+ 39. g3 Qxf2+ 40.
Qg2 Qe3 41. Qb2+ Kf8 42. c6 Qb6 43. Qc2 Qc7 44. a4 Ke8 45. Qe2+ Kd8 46. Qxa6 Qe5
47. Qd3+ Ke7 48. Qc2 Kd8 49. b5 Kc7 50. Qf2 f5 51. Qf4 Qd6 52. Qxd6+ Kxd6 53. a5
Kc7 54. a6 Kb8 55. b6 h5 56. c7+ Kc8 57. a7 Kb7 58. a8=Q+ {Black resigns} 1-0

[Event "Team 45 45 League T35"]
[Site "Internet Chess Club"]
[Date "2007.11.25"]
[Round "6"]
[White "Creb"]
[Black "xakelari"]
[Result "1-0"]
[WhiteElo "1738"]
[BlackElo "2034"]
[Opening "Vienna game"]
[ECO "C27"]
[Time "11:00:17"]
[TimeControl "2700+45"]

1. e4 e5 2. Bc4 Nf6 3. Nc3 Nxe4 4. Qh5 Nd6 5. Bb3 Nc6 6. Nb5 g6 7. Qf3 Nf5 8.
Qd5 Nh6 9. d3 d6 10. Qf3 Bf5 11. Ne2 Qd7 12. Ng3 Bg7 13. Bxh6 Bxh6 14. Nxf5 gxf5
15. Qh5 Bg7 16. Be6 Qd8 17. Qxf7# {Black checkmated} 1-0

[Event "Team 45 45 League T35"]
[Site "Internet Chess Club"]
[Date "2007.11.25"]
[Round "6"]
[White "Avedldesierto"]
[Black "Grenadier"]
[Result "1-0"]
[WhiteElo "1765"]
[BlackElo "1708"]
[Opening "Caro-Kann defense"]
[ECO "B10"]
[Time "18:14:59"]
[TimeControl "2700+45"]

1. e4 c6 2. b3 d5 3. exd5 cxd5 4. Bb2 Bf5 5. Nf3 e6 6. d3 Nf6 7. h3 Bc5 8. d4
Bd6 9. Nbd2 Nbd7 10. c4 dxc4 11. Nxc4 Bb4+ 12. Nfd2 O-O 13. a3 Be7 14. Ne3 Bg6
15. Be2 Rc8 16. O-O Nb6 17. Bf3 Nfd5 18. Nxd5 Nxd5 19. Bxd5 Qxd5 20. Nc4 Rfd8
21. Ne3 Qd7 22. Qe2 Bg5 23. Rad1 Bxe3 24. fxe3 Bc2 25. Rc1 Bxb3 26. e4 b5 27.
Rxc8 Rxc8 28. Qf3 Bc4 29. Rf2 a5 30. Qg4 f6 31. Rxf6 Qe7 32. Rf2 Rf8 33. Rxf8+
Qxf8 34. Qg5 h6 35. Qe5 Qf6 36. Qxf6 gxf6 37. Bc3 a4 38. Kf2 Kf7 39. Kf3 Kg6 40.
h4 f5 41. g4 h5 42. gxf5+ exf5 43. e5 Bd5+ 44. Kf4 Be4 45. Bb4 Kf7 46. Kg5 Ke6
47. Kxh5 f4 48. Kg4 f3 49. Kg3 Kf5 50. Bd2 Bd5 51. h5 Bf7 52. h6 Kg6 53. Kxf3
Bd5+ 54. Ke2 Bg8 55. Kd3 Kf5 56. Kc3 Ke4 57. e6 Kd5 58. e7 {Black resigns} 1-0

[Event "Team 45 45 League T35"]
[Site "Internet Chess Club"]
[Date "2007.11.24"]
[Round "6"]
[White "logicg8"]
[Black "IceBox"]
[Result "0-1"]
[WhiteElo "1759"]
[BlackElo "1731"]
[Opening "Sicilian: closed"]
[ECO "B24"]
[Time "09:00:55"]
[TimeControl "2700+45"]

1. e4 c5 2. Nc3 Nc6 3. g3 Nf6 4. Bg2 d6 5. d3 e6 6. f4 Be7 7. Nf3 a6 8. Bd2 Qc7
9. Qe2 Nd4 10. Qd1 Rb8 11. h3 b5 12. g4 Bb7 13. Nxd4 cxd4 14. Ne2 e5 15. f5 Nd7
16. O-O Bh4 17. c3 Nc5 18. cxd4 Nxd3 19. dxe5 Qc5+ 20. Kh2 Qxe5+ 21. Bf4 Nxf4
22. Nxf4 O-O 23. Kg1 Qxb2 24. Qxd6 Bg3 25. Qd3 Bxf4 {White resigns} 0-1

[Event "Team 45 45 League T35"]
[Site "Internet Chess Club"]
[Date "2007.11.24"]
[Round "6"]
[White "egd01"]
[Black "bmw2002"]
[Result "1-0"]
[WhiteElo "1634"]
[BlackElo "1734"]
[Opening "Caro-Kann: exchange, Rubinstein variation"]
[ECO "B13"]
[Time "06:19:54"]
[TimeControl "2700+45"]

1. e4 c6 2. d4 d5 3. exd5 cxd5 4. Bd3 Nc6 5. c3 Nf6 6. Bf4 Bg4 7. Qb3 Qb6 8.
Qxb6 axb6 9. Nd2 e6 10. Ngf3 Kd7 11. O-O Nh5 12. Ne5+ Nxe5 13. Bxe5 f6 14. h3
Bxh3 15. Bh2 Bxg2 16. Bb5+ Ke7 17. Kxg2 g5 18. Rfe1 g4 19. Nf1 Bh6 20. Ne3 Bxe3
21. Rxe3 Ng7 22. a4 h5 23. f3 Nf5 24. Rd3 Nh4+ 25. Kf2 Nxf3 26. Rxf3 gxf3 27.
Kxf3 Rag8 28. Rg1 Rg5 29. Be2 Rhg8 30. Rxg5 fxg5 31. Be5 Rf8+ 32. Kg2 g4 33. Bg3
Kf6 34. Bd6 Rf7 35. Bf4 Kf5 36. Be5 h4 37. Bd3+ Kg5 38. Be2 g3 39. Bf3 {Black
forfeits on time} 1-0

[Event "Team 45 45 League T35"]
[Site "Internet Chess Club"]
[Date "2007.11.22"]
[Round "6"]
[White "A-Ru"]
[Black "Vannak1"]
[Result "0-1"]
[WhiteElo "1875"]
[BlackElo "1742"]
[Opening "King's Indian: East Indian defense"]
[ECO "A48"]
[Time "13:03:30"]
[TimeControl "2700+45"]

1. d4 Nf6 2. Nf3 g6 3. Nc3 d5 4. Bf4 Bg7 5. e3 O-O 6. Be2 Nbd7 7. h4 c6 8. Ne5
Ne8 9. h5 Nxe5 10. dxe5 Bf5 11. hxg6 fxg6 12. Qd4 Nd6 13. f3 Bxc2 14. Bh6 Nf5
15. Qd2 Bxh6 16. Qxc2 Bxe3 17. g4 Nd4 18. Qd3 Nxf3+ 19. Bxf3 Rxf3 20. Ke2 Qf8
21. Raf1 Rf2+ 22. Kxe3 Qf4# {White checkmated} 0-1